 Dungeon Crawl Stone Soup version 0.28-a0-850-g09de17f5b5 (webtiles) character file.

Game seed: 570589661197730570

13954 BinkBink the Brawler (level 11, 0/97 (109) HPs)
             Began as a Troll Monk on Nov 14, 2021.
             Was a Plaything of Xom.
             Slain by Nergalle (18 damage)
             ... on level 11 of the Dungeon.
             The game lasted 00:36:49 (11252 turns).

BinkBink the Brawler (Troll Monk)                  Turns: 11252, Time: 00:36:49

HP:   0/97 (109)    AC:  5    Str: 24    XL:     11   Next: 82%
MP:   14/14         EV: 10    Int:  4    God:    Xom [...*..]
Gold: 592           SH:  0    Dex: 12    Spells: 15/16 levels left

rFire   + . .      SeeInvis .     - Unarmed
rCold   . . .      Faith    .   (no shield)
rNeg    . . .      Spirit   .   a - +0 robe
rPois   .          Reflect  .   (helmet restricted)
rElec   .          Harm     .   K - scarf {shadows}
rCorr   .          Rampage  .   (gloves unavailable)
Will    .....                   (boots unavailable)
Stlth   ++........              (no amulet)
HPRegen 1.26/turn               B - ring of protection from fire
MPRegen 0.14/turn               (no ring)

@: studying Spellcasting, heavily drained
A: large, unfitting armour, claws 3, regeneration 1, shaggy fur 2, tough skin 1,
dopey 1
a: Renounce Religion


You were on level 11 of the Dungeon.
You worshipped Xom.
You were a favourite toy of Xom.
You visited 2 branches of the dungeon, and saw 13 of its levels.
You also visited: Sewer.

You collected 592 gold pieces.

Inventory:

Missiles
 t - a throwing net (quivered)
Armour
 a - a +0 robe (worn)
 z - a +2 tower shield
 K - a scarf of shadows (worn)
 P - the +5 plate armour "Wegaxaut" {rF+ Str+5 Slay+3}
   (You found it on level 10 of the Dungeon)

   Str:       It affects your strength (+5).
   Slay:      It affects your accuracy & damage with ranged weapons and melee
   (+3).
   rF:        It protects you from fire.
Magical Staves
 G - a staff of poison
 O - a staff of fire
Jewellery
 B - a ring of protection from fire (left claw)
 J - a ring of positive energy
 N - a ring of positive energy
 Q - a ring of protection from fire
 R - an amulet of magic regeneration
Wands
 f - a wand of digging (9)
 v - a wand of paralysis (12)
 A - a wand of polymorph (8)
 E - a wand of iceblast (7)
 F - a wand of mindburst (34)
 L - a wand of charming (10)
Scrolls
 b - 6 scrolls of enchant weapon
 d - 4 scrolls of vulnerability
 g - 2 scrolls of enchant armour
 i - 4 scrolls of noise
 j - a scroll of fear {unknown}
 m - 2 scrolls of identify
 o - 6 scrolls of teleportation
 s - 2 scrolls of magic mapping
 w - a scroll of fog
 y - 3 scrolls of amnesia
 M - a scroll of blinking {unknown}
 S - a scroll of brand weapon {unknown}
Potions
 c - a potion of lignification
 e - 3 potions of degeneration
 h - 2 potions of attraction
 k - 3 potions of might
 l - a potion of haste
 n - 2 potions of magic
 p - 2 potions of brilliance
 q - a potion of cancellation {unknown}
 r - 2 potions of heal wounds
 u - 4 potions of resistance
 x - a potion of invisibility
 I - a potion of ambrosia


   Skills:
 + Level 7.6 Fighting
 - Level 0.1 Throwing
 - Level 2.4 Dodging
 - Level 1.0 Stealth
 + Level 16.7 Unarmed Combat
 * Level 3.3 Spellcasting


You had 15 spell levels left.
You knew the following spells:

 Your Spells              Type           Power      Damage    Failure   Level
a - Slow                  Hex            0%         N/A       38%         1

Your spell library contained the following spells:

 Spells                   Type           Power      Damage    Failure   Level
 Animate Skeleton         Necr           0%         N/A       38%         1
 Magic Dart               Conj           0%         1d3       38%         1
 Pain                     Necr           0%         1d4       38%         1
 Call Imp                 Summ           0%         N/A       54%         2
 Confusing Touch          Hex            0%         N/A       77%         3
 Dazzling Flash           Conj/Hex       0%         N/A       77%         3
 Gell's Gravitas          Tloc           0%         N/A       77%         3
 Mephitic Cloud           Conj/Pois/Air  0%         N/A       77%         3
 Teleport Other           Tloc           0%         N/A       77%         3
 Vampiric Draining        Necr           0%         2d6       77%         3
 Summon Ice Beast         Ice/Summ       0%         N/A       99%         4
 Agony                    Necr           0%         N/A       100%        5
 Silence                  Hex/Air        0%         N/A       100%        5
 Summon Mana Viper        Hex/Summ       0%         N/A       100%        5
 Dispersal                Tloc           0%         N/A       100%        6
 Monstrous Menagerie      Summ           0%         N/A       100%        7


Dungeon Overview and Level Annotations

Branches:
Dungeon (12/15)            Temple (1/1) D:4            Lair (0/6) D:10
  Sewer (visited)
    Orc: D:9-12

Altars:
Ashenzari
Cheibriados
Dithmenos
Elyvilon
Fedhas
Gozag
Hepliaklqana
Kikubaaqudgha
Makhleb
Nemelex Xobeh
Okawaru
Qazlal
Ru
Sif Muna
Trog
Uskayaw
Vehumet
Wu Jian
Xom
Yredelemnul
Zin
The Shining One

Shops:
D:4 (   D:7 (:

Annotations:
D:4 Grinder
D:11 Nergalle


Innate Abilities, Weirdness & Mutations

You are too large for most types of armour.
You have claws for hands.
Your natural rate of healing is unusually fast.
You are covered in thick fur. (AC +2)
You have tough skin. (AC +1)
You are dopey. (Int -2)


Message History

Level annotation: Nergalle
There is a stone staircase leading down, spattered with blood here.
Nergalle points at you and mumbles some strange words.
Orcish apparitions take form around you.
You claw the spectral orc!
You destroy the spectral orc!
The spectral orc disappears in a puff of smoke!
Nergalle closely misses you.
You scratch Nergalle. You claw Nergalle.
Nergalle is lightly wounded.
Nergalle hits you with a +2 dagger of distortion.
You blink.
Nergalle hits you with a +2 dagger of distortion.
Space warps horribly around you!!
You mangle Nergalle!!
Nergalle is heavily wounded.
You scratch Nergalle.
Nergalle is heavily wounded.
Nergalle hits you with a +2 dagger of distortion.
You mangle Nergalle!! You claw Nergalle, but do no damage.
Nergalle is almost dead.
Nergalle hits you with a +2 dagger of distortion.
You blink.
Nergalle is nearby!
Nergalle gestures at you while chanting.
The bolt of negative energy hits you!!
You feel drained.
A shower of butterflies erupts from you!
Nergalle points at you and mumbles some strange words.
The bolt of negative energy misses your butterfly.
The bolt of negative energy hits you!!!
You feel drained.
* * * LOW HITPOINT WARNING * * *
The bolt of negative energy hits your butterfly!!!
Your butterfly is drained!
Your butterfly dies!
Your butterfly disappears in a puff of smoke!
You swap places.
Nergalle hits you with a +2 dagger of distortion.
* * * LOW HITPOINT WARNING * * *
Space warps horribly around you!!
You die...

#....†.[..# ####.#######.#
#.......# #.# #.......# #.#
##.>.....####.############
#.)......................#
#........................#
#.............##b........###
#.)......#####b.@o.........#
#### #.#####.##
#.##b.......#.###... #.# #.#
#.b............##.## #.# #.#
#..#........#..##.# #.# #.#
#..#####.#.##..##.## #.# #.#
#..# ##....##..^.... #.# #.#
#..# #.....###.##.## #.# #.#
###..###.....##...#.##
#.#####.#
#.....§........<...[..


You could see Nergalle (ally target).

Vanquished Creatures
  2 two-headed ogres
  2 death yaks (D:10)
  A goliath frog (D:10)
  A cyclops (D:11)
  A manticore (D:11)
  4 gargoyles
  3 unseen horrors (D:11)
  A troll (D:12)
  Sigmund (D:4)
  A shadow (D:10)
  A wyvern (D:11)
  2 vampires (D:11)
  A wraith (D:12)
  8 yaks (D:10)
  Grum (D:9)
  Menkaure (D:5)
  4 vampire mosquitoes (D:10)
  A water moccasin (D:8)
  A sky beast (D:8)
  A black bear (D:4)
  4 necrophages
  An orc warrior (D:7)
  An ice beast (D:5)
  2 ogres
  3 wolves (D:9)
  7 centaurs
  4 phantoms
  A kobold brigand (D:8)
  3 bullfrogs
  A scorpion (D:7)
  2 wyvern zombies
  A gnoll sergeant (D:11)
  3 jellies
  A water moccasin zombie (D:6)
  10 killer bees
  8 wights
  A howler monkey (D:6)
  3 centaur zombies
  2 hounds
  A gnoll shaman (D:4)
  3 orc priests
  3 centaur skeletons (D:7)
  Jessica (D:2)
  A bullfrog skeleton (D:6)
  Ijyb (D:5)
  Terence (D:2)
  10 orc wizards
  2 killer bee zombies
  A hound skeleton (D:5)
  Robin (D:2)
  3 howler monkey zombies
  9 gnolls
  8 adders
  8 river rats
  A shadow imp (D:8)
  A white imp (D:6)
  An ufetubus (D:6)
  3 worms
  25 orcs
  8 ball pythons
  3 endoplasms
  6 giant cockroaches
  10 goblins
  13 hobgoblins
  7 jackals
  21 kobolds
  4 quokkas
  8 bats
  4 frilled lizards
  22 rats
286 creatures vanquished.

Notes
Turn   | Place    | Note
-------+----------+-------------------------------------------
     0 | D:1      | BinkBink the Troll Monk began the quest for the Orb.
     0 | D:1      | Reached XP level 1. HP: 22/22 MP: 0/0
   111 | D:1      | Reached XP level 2. HP: 29/29 MP: 1/1
   160 | D:1      | Found a faded altar of an unknown god.
   727 | D:1      | Reached XP level 3. HP: 36/36 MP: 2/2
   771 | D:1      | You fall into a shaft and drop 1 floor!
   790 | D:2      | Noticed Terence
   791 | D:2      | Noticed Jessica
   812 | D:2      | Killed Terence
   813 | D:2      | Reached skill level 4 in Unarmed Combat
   815 | D:2      | Killed Jessica
   816 | D:2      | Reached XP level 4. HP: 40/45 MP: 3/3
   885 | D:2      | Found a glowing silver altar of Zin.
  1405 | D:2      | Noticed Robin
  1435 | D:2      | Killed Robin
  1444 | D:2      | Reached XP level 5. HP: 32/53 MP: 4/4
  1606 | D:2      | Reached skill level 5 in Unarmed Combat
  2011 | D:3      | Found a glowing drain.
  2029 | Sewer    | Entered a sewer
  2272 | Sewer    | Reached XP level 6. HP: 61/61 MP: 5/5
  2304 | Sewer    | Reached skill level 6 in Unarmed Combat
  2770 | D:3      | Found a sacrificial altar of Ru.
  2770 | D:3      | Found a snail-covered altar of Cheibriados.
  2777 | D:3      | Found an iron altar of Okawaru.
  2779 | D:3      | Found a blossoming altar of Fedhas.
  2781 | D:3      | Found a bloodstained altar of Trog.
  2859 | D:3      | Found a hazy altar of Hepliaklqana.
  3096 | D:4      | Found a staircase to the Ecumenical Temple.
  3130 | Temple   | Entered the Ecumenical Temple
  3357 | Temple   | Became a worshipper of Xom of Malicious Giggling
  3414 | D:4      | Found Cuwyxun's Weapon Emporium.
  3505 | D:4      | XOM: silly message
  3593 | D:4      | Noticed Grinder
  3675 | D:4      | Reached skill level 7 in Unarmed Combat
  3675 | D:4      | Reached XP level 7. HP: 59/70 MP: 6/6
  3798 | D:4      | XOM: silly message
  3853 | D:4      | Noticed Sigmund
  3904 | D:4      | Killed Sigmund
  3905 | D:4      | Reached skill level 8 in Unarmed Combat
  3943 | D:4      | XOM: silly message
  3946 | D:4      | Paralysed by Grinder for 3 turns
  3950 | D:4      | Paralysed by Grinder for 4 turns
  4106 | D:4      | XOM: silly message
  4122 | D:5      | Entered Level 5 of the Dungeon
  4177 | D:5      | XOM: silly message
  4293 | D:5      | Noticed Menkaure
  4322 | D:5      | XOM: cast spell 'Summon Small Mammal'
  4326 | D:5      | Killed Menkaure
  4376 | D:5      | Reached XP level 8. HP: 79/79 MP: 7/7
  4387 | D:5      | Noticed Ijyb
  4394 | D:5      | Paralysed by Ijyb for 2 turns
  4398 | D:5      | Killed Ijyb
  4551 | D:5      | Reached skill level 9 in Unarmed Combat
  4745 | D:5      | XOM: silly message
  5004 | D:5      | Reached skill level 10 in Unarmed Combat
  5353 | D:6      | Reached skill level 5 in Fighting
  5412 | D:6      | XOM is BORED!
  5495 | D:6      | XOM: divination: detect creatures
  5501 | D:6      | Reached skill level 11 in Unarmed Combat
  5501 | D:6      | Reached XP level 9. HP: 88/88 MP: 8/8
  5646 | D:7      | XOM: confuse monster(s)
  5827 | D:7      | Found Jeun's Firing Range.
  5861 | D:7      | Found Kabbem's Book Shop.
  6057 | D:7      | XOM: enchant monster (good)
  6162 | D:7      | Reached skill level 12 in Unarmed Combat
  6219 | D:7      | Found a white marble altar of Elyvilon.
  6330 | D:7      | XOM: divination: detect creatures
  6526 | D:7      | XOM: noise
  6688 | D:8      | XOM: cloud trail
  6703 | D:8      | XOM: god gift: twisted runed staff {god gift}
  6853 | D:8      | XOM: swap monsters
  6975 | D:8      | XOM: swap monsters
  7048 | D:8      | Reached skill level 13 in Unarmed Combat
  7235 | D:8      | XOM: give mutations
  7235 | D:8      | Gained mutation: Your spells are a little easier to cast,
                  | but a little less powerful. [Xom's mischief]
  7235 | D:8      | Gained mutation: You occasionally shout uncontrollably at
                  | your foes. [Xom's mischief]
  7235 | D:8      | Gained mutation: Armour fits poorly on your strangely
                  | shaped body. [Xom's mischief]
  7235 | D:8      | Gained mutation: You are frail. (-10% HP) [Xom's mischief]
  7402 | D:9      | XOM: give mutations
  7402 | D:9      | Lost mutation: You are frail. (-10% HP) [Xom's grace]
  7402 | D:9      | Gained mutation: You have a pair of small antennae on your
                  | head. [Xom's grace]
  7433 | D:9      | Noticed Grum
  7449 | D:9      | Killed Grum
  7456 | D:9      | Reached XP level 10. HP: 75/98 MP: 9/9
  7520 | D:9      | XOM: silly message
  7531 | D:9      | XOM: smoke on damage
  7721 | D:9      | XOM: 3-stop teleportation journey
  7896 | D:9      | XOM: enchant monster (bad)
  8158 | D:9      | XOM: scenery: summon butterflies
  8245 | D:10     | Entered Level 10 of the Dungeon
  8316 | D:10     | Identified the +5 plate armour "Wegaxaut" {rF+ Str+5
                  | Slay+3}
  8468 | D:10     | Reached skill level 14 in Unarmed Combat
  8546 | D:10     | Noticed a death yak
  8549 | D:10     | Noticed an emperor scorpion
  8549 | D:10     | a death yak changed into an emperor scorpion
  8549 | D:10     | XOM: polymorph death yak -> emperor scorpion
  8558 | D:10     | XOM: scenery: summon butterflies
  8568 | D:10     | XOM: scenery: summon butterflies
  8760 | D:10     | XOM: smoke on damage
  8838 | D:10     | Noticed a death yak
  8886 | D:10     | Noticed a seven-headed hydra
  8891 | D:10     | XOM: scenery: summon butterflies
  8904 | D:10     | Noticed a goliath frog
  8904 | D:10     | an eight-headed hydra changed into a goliath frog
  8904 | D:10     | XOM: polymorph eight-headed hydra -> goliath frog
  8908 | D:10     | XOM: summons 10 friendly demons
  8979 | D:10     | Killed a goliath frog
  9041 | D:10     | Found an opulent altar of Gozag.
  9111 | D:10     | Found a staircase to the Lair.
  9124 | D:10     | XOM: give mutation
  9124 | D:10     | Gained mutation: You are partially covered in iridescent
                  | scales. (AC +2) [Xom's grace]
  9142 | D:10     | Noticed a death yak
  9155 | D:10     | Killed a death yak
  9158 | D:10     | Reached skill level 15 in Unarmed Combat
  9163 | D:10     | Killed a death yak
  9169 | D:10     | Reached XP level 11. HP: 69/107 MP: 10/10
  9243 | D:10     | XOM: silly message
  9312 | D:11     | Noticed a two-headed ogre
  9353 | D:10     | XOM: noise
  9442 | D:11     | Noticed Nergalle
  9522 | D:10     | Identified a scroll of acquirement
  9522 | D:10     | Acquired a manual of Spellcasting
  9527 | D:10     | Lost mutation: You occasionally shout uncontrollably at
                  | your foes. [potion of mutation]
  9527 | D:10     | Lost mutation: Armour fits poorly on your strangely shaped
                  | body. [potion of mutation]
  9527 | D:10     | Lost mutation: You have a pair of small antennae on your
                  | head. [potion of mutation]
  9527 | D:10     | Gained mutation: Your mind is acute. (Int +2) [potion of
                  | mutation]
  9527 | D:10     | Lost mutation: Your mind is acute. (Int +2) [potion of
                  | mutation]
  9564 | D:10     | Lost mutation: You are partially covered in iridescent
                  | scales. (AC +2) [potion of mutation]
  9564 | D:10     | Lost mutation: Your spells are a little easier to cast, but
                  | a little less powerful. [potion of mutation]
  9564 | D:10     | Gained mutation: You are robust. (+10% HP) [potion of
                  | mutation]
  9564 | D:10     | Gained mutation: You are covered in thick fur. (AC +2)
                  | [potion of mutation]
  9564 | D:10     | Gained mutation: You are agile. (Dex +2) [potion of
                  | mutation]
  9608 | D:11     | XOM: divination: detect creatures
  9655 | D:11     | XOM: potion effect (invisibility)
  9674 | D:11     | XOM: smoke on damage
  9676 | D:11     | Reached skill level 1 in Spellcasting
  9905 | D:11     | XOM: cast spell 'Summon Ice Beast'
 10083 | D:11     | Reached skill level 16 in Unarmed Combat
 10307 | D:11     | XOM: enchant monster (good)
 10536 | D:11     | XOM: give mutations
 10536 | D:11     | Lost mutation: You are agile. (Dex +2) [Xom's mischief]
 10536 | D:11     | Gained mutation: You are dopey. (Int -2) [Xom's mischief]
 10536 | D:11     | Lost mutation: You are robust. (+10% HP) [Xom's mischief]
 10722 | D:11     | XOM: summons 4 friendly demons
 10726 | D:11     | XOM: potion effect (curing)
 10732 | D:11     | XOM: confusion
 10741 | D:11     | Killed a two-headed ogre
 10804 | D:12     | XOM: divination: detect creatures
 10898 | D:12     | XOM: blink monster(s)
 10999 | D:12     | Noticed a two-headed ogre
 11004 | D:12     | Killed a two-headed ogre
 11010 | D:12     | Identified the +7 dagger of Gloom {pain, Str+4}
 11013 | D:12     | XOM: cast spell 'Cause Fear'
 11018 | D:12     | XOM: summons friendly white imp
 11101 | D:12     | Noticed a boulder beetle
 11189 | D:11     | Learned a level 1 spell: Slow
 11250 | D:11     | XOM: butterfly on damage
 11252 | D:11     | Slain by Nergalle

Illustrated notes

Levels and vault maps discovered:
D:1:      elethiomel_arrival_quiet, layout_basic,
          hellmonk_ecumenical_altar_lost_god
D:2:      layout_basic, basic_altar, st_stairs_13,
          hangedman_decor_diamond_cutter, uniq_terence, uniq_robin, uniq_jessica
D:3:      layout_rooms, chequers_temple_overflow_minitemple,
          nicolae_hepliaklqana_hippocampus, portal_sewer_entry_a
D:4:      layout_rooms, minmay_temple_entry_mini_moons, serial_shops,
          nicolae_shop_trees, small_statue_alley_b, uniq_grinder, uniq_sigmund
D:5:      layout_gridville, uniq_ijyb, uniq_menkaure
D:6:      layout_cave_pools
D:7:      layout_basic, marbit_many_paths, serial_shops,
          nicolae_shop_statue_plus, kennysheep_pointless_box,
          nicolae_shop_firing_range
D:8:      layout_basic
D:9:      layout_small_grid, grunt_decor_resistance, uniq_grum
D:10:     layout_irregular_city, lemuel_crystal_altar, dpeg_lair_monsters
D:11:     layout_loops_ring, nicolae_zen_rock_garden, nrook_uturn,
          hangedman_batty, uniq_nergalle
D:12:     layout_basic, orc_0_dummy, serial_undead, serial_undead_e,
          serial_undead_a, serial_undead_b, serial_undead_b, uniq_rupert
Temple:   eino_temple_water

Skill      XL: |  1  2  3  4  5  6  7  8  9 10 11 |
---------------+----------------------------------+-----
Fighting       | 3 4 5 6 7 |  7.6
Unarmed Combat | 4 5 7 8 11 13 15 16 | 16.7
Spellcasting   | 3 |  3.3
Throwing       | |  0.1
Dodging        | |  2.4
Stealth        | |  1.0

Action                   |  1- 3 |  4- 6 |  7- 9 | 10-12 || total
-------------------------+-------+-------+-------+-------++-------
Melee: Unarmed           |    78 |   282 |   278 |   223 ||   861
       Punch             |     1 |     5 |     9 |    27 ||    42
Throw: Throwing net      |       |       |       |     1 ||     1
  Use: Potion            |       |       |       |    17 ||    17
       Scroll            |       |       |       |    13 ||    13
 Stab: Sleeping          |       |     3 |     3 |     1 ||     7
       Distracted        |       |       |       |     1 ||     1
       Invisible         |       |       |       |     3 ||     3
Armor: Robe              |    20 |    73 |    53 |    58 ||   204
Dodge: Dodged            |    30 |   138 |   110 |   103 ||   381

Table legend: (Time is in decaauts)
 A = Elapsed time spent in this place.
 B = Non-inter-level travel time spent in this place.
 C = Inter-level travel time spent in this place.
 D = Time resting spent in this place.
 E = Time spent auto-exploring this place.
 F = Levels seen in this place.
 G = Mean time per level.
                   A        B        C        D        E       F      G
               +--------+--------+--------+--------+--------+-----+--------+
         Total |  11067 |  10376 |    691 |      0 |   7803 |  14 |  790.5 |
       Dungeon |  10263 |   9598 |    665 |      0 |   7254 |  12 |  855.2 |
        Temple |    238 |    212 |     26 |      0 |    201 |   1 |  238.0 |
         Sewer |    565 |    565 |      0 |      0 |    348 |   1 |  565.0 |
               +--------+--------+--------+--------+--------+-----+--------+

Top non-repeatable levels by time:
    D:11: 1510 daAuts
    D:10: 1095 daAuts
     D:5: 1010 daAuts
     D:9: 1004 daAuts
     D:1: 975 daAuts
     D:7: 967 daAuts
     D:2: 954 daAuts
     D:4: 777 daAuts
     D:8: 629 daAuts
     D:3: 586 daAuts
   Sewer: 565 daAuts
     D:6: 481 daAuts
    D:12: 269 daAuts
  Temple: 238 daAuts
